 Dungeon Crawl Stone Soup version 0.23.2-1-ga50397a6bc (webtiles) character file.

Game seed: 6549660290926920145

2178 Mrkan the Grappler (level 9, -2/77 (80) HPs)
             Began as a Troll Monk on May 22, 2019.
             Was a Believer of Yredelemnul.
             Succumbed to an orc wizard's poison
             ... on level 7 of the Dungeon.
             The game lasted 00:10:13 (4741 turns).

Mrkan the Grappler (Troll Monk)                     Turns: 4741, Time: 00:10:14

HP:   -2/77 (80)    AC:  6    Str: 21    XL:     9   Next: 11%
MP:   8/8           EV: 15    Int:  6    God:    Yredelemnul [**....]
Gold: 222           SH:  0    Dex: 20    Spells: 8/8 levels left

rFire    . . .     SeeInvis .     - Unarmed
rCold    . . .     Gourm    +   (no shield)
rNeg     . . .     Faith    .   a - +0 robe
rPois    .         Spirit   .   (helmet restricted)
rElec    .         Reflect  .   (no cloak)
rCorr    .         Harm     .   (gloves unavailable)
MR       .....                  (boots unavailable)
Stlth    +++.......             (no amulet)
HPRegen  0.62/turn              (no ring)
MPRegen  0.11/turn              (no ring)

@: agile, lethally poisoned (-2 -> -26), slowed, drained, very slow
A: large, unfitting armour, claws 3, fast metabolism 3, gourmand, regeneration
1, shaggy fur 1, tough skin 3
a: Animate Remains, Recall Undead Slaves, Injury Mirror, Renounce Religion


You were on level 7 of the Dungeon.
You worshipped Yredelemnul.
Yredelemnul was pleased with you.
You were completely stuffed.

You visited 1 branch of the dungeon, and saw 7 of its levels.

You collected 222 gold pieces.

Inventory:

Hand Weapons
 E - a -2 eveningstar
 F - a -3 war axe of venom
Missiles
 h - 225 stones (quivered)
 x - a throwing net
Armour
 a - a +0 robe (worn)
Jewellery
 e - an uncursed amulet of regeneration {unknown}
 o - an uncursed amulet of guardian spirit {unknown}
Wands
 y - a wand of flame (19)
 C - a wand of digging (6)
Scrolls
 c - 2 scrolls of amnesia {unknown}
 f - 4 scrolls of identify {unknown}
 j - 2 scrolls of teleportation {unknown}
 k - a scroll of noise {unknown}
 l - 2 scrolls of magic mapping {unknown}
 m - 5 scrolls of remove curse {unknown}
 n - a scroll of fear {unknown}
 p - a scroll of enchant weapon {unknown}
 q - a scroll of enchant armour {unknown}
 r - a scroll of fog {unknown}
 G - a scroll of blinking {unknown}
Potions
 d - 4 potions of agility
 g - 3 potions of curing {unknown}
 i - 2 potions of haste {unknown}
 s - a potion of lignification {unknown}
 t - a potion of degeneration {unknown}
 u - 3 potions of invisibility {unknown}
 v - a potion of resistance {unknown}
 w - 3 potions of heal wounds {unknown}
 z - 2 potions of magic {unknown}
 A - a potion of brilliance {unknown}
 B - 4 potions of might {unknown}
Comestibles
 b - 14 rations


   Skills:
 - Level 2.4(1.8) Fighting
 * Level 7.4(6.7) Throwing
 - Level 2.4(1.8) Dodging
 - Level 1.0(0.4) Stealth
 - Level 9.2(8.5) Unarmed Combat
 + Level 1.0(0.4) Invocations


You had 8 spell levels left.
You didn't know any spells.
Your spell library contained the following spells:

 Spells                   Type           Power        Failure   Level  Hunger
 Beastly Appendage        Tmut           #.....       45%         1    ##.....
 Flame Tongue             Conj/Fire      #....        45%         1    ##.....
 Magic Dart               Conj           #...         45%         1    ##.....
 Blink                    Tloc           N/A          58%         2    ###....
 Call Imp                 Summ           #.......     58%         2    ###....
 Slow                     Hex            #.......     58%         2    ###....
 Sticks to Snakes         Tmut           #.......     58%         2    ###....
 Throw Flame              Conj/Fire      #.....       58%         2    ###....
 Conjure Flame            Conj/Fire      #.......     83%         3    ####...
 Inner Flame              Hex/Fire       #.......     83%         3    ####...
 Mephitic Cloud           Conj/Pois/Air  #.......     83%         3    ####...
 Spider Form              Tmut/Pois      #.........   83%         3    ####...
 Ice Form                 Ice/Tmut       #.......     99%         4    #####..
 Sticky Flame             Conj/Fire      #.......     99%         4    #####..
 Blade Hands              Tmut           #.........   100%        5    ######.
 Fireball                 Conj/Fire      #.........   100%        5    ######.


Dungeon Overview and Level Annotations

Branches:
Dungeon (7/15)             Temple (0/1) D:7

Altars:
Ashenzari
Dithmenos
Ru
Yredelemnul


Innate Abilities, Weirdness & Mutations

You are too large for most types of armour.
You have claws for hands.
Your metabolism is lightning-fast.
You like to eat raw meat.
Your natural rate of healing is unusually fast.
You are covered in fur. (AC +1)
You have extremely tough skin. (AC +3)


Message History

The slave closely misses you. Something hits you.
* * * LOW HITPOINT WARNING * * *
You miss something.
* * * LOW HITPOINT WARNING * * *
You feel very sick. Something hits you but does no damage.
You are more poisoned.
The slave hits you.
* * * LOW HITPOINT WARNING * * *
The orc wizard mumbles some strange words.
The orc wizard blinks!
The slave barely misses you. x2
You hear some strange, mumbled words.
A puff of frost appears from out of thin air!
The puff of frost hits you.
* * * LOW HITPOINT WARNING * * *
Okay, then.
It was a potion of agility.
You feel agile all of a sudden.
You die...
Your body rises from the dead as a mindless zombie.

# #......#...[..... ... #
#......#......... #.# #
#......#........ #.# #
#......#......#+# #.#
######......#......#.# #.#
............#......#.##########.#
##...............o............oo.
##.###.#####.....p...##########.#
..>.............@.o.........ยง...)
##.###+#####..o.pp..............#
##............###################
##............# .#............#
##[..........[# ..............#
##### .##...........# #...#
.##...........# #...#########


You could see 3 slaves, an orc wizard and 2 orcs.

Vanquished Creatures
  Grinder (D:6)
  A hungry ghost (D:7)
  A slave (D:7)
  An orc warrior (D:6)
  2 sky beasts (D:5)
  An ice beast (D:5)
  A phantom (D:4)
  A necrophage (D:2)
  Blork the orc (D:6)
  3 bullfrogs
  5 scorpions
  4 wights (D:7)
  3 crimson imps
  2 hounds (D:7)
  A jelly (D:5)
  A centaur skeleton (D:4)
  9 worker ants
  3 gnolls (D:7)
  8 adders
  A shadow imp (D:6)
  2 worms
  2 dart slugs
  3 leopard geckos
  12 orcs
  4 giant cockroaches
  6 goblins
  7 hobgoblins
  9 jackals
  10 kobolds
  2 quokkas
  7 bats
  3 frilled lizards
  2 leopard gecko skeletons (D:4)
  2 quokka zombies (D:5)
  9 rats
130 creatures vanquished.

Vanquished Creatures (others)
  2 fungi (D:6)
2 creatures vanquished.

Grand Total: 132 creatures vanquished

Notes
Turn   | Place    | Note
-------+----------+-------------------------------------------
     0 | D:1      | Mrkan the Troll Monk began the quest for the Orb.
     0 | D:1      | Reached XP level 1. HP: 22/22 MP: 0/0
   165 | D:1      | Reached XP level 2. HP: 24/29 MP: 1/1
   544 | D:1      | Reached skill level 4 in Unarmed Combat
   700 | D:2      | Reached XP level 3. HP: 33/36 MP: 2/2
   930 | D:2      | Noticed a necrophage
   955 | D:2      | Killed a necrophage
   955 | D:2      | Reached skill level 5 in Unarmed Combat
   955 | D:2      | Reached XP level 4. HP: 19/41 MP: 3/3
  1287 | D:2      | Reached XP level 5. HP: 47/47 MP: 4/4
  1405 | D:2      | Reached skill level 6 in Unarmed Combat
  2173 | D:4      | Reached XP level 6. HP: 39/56 MP: 5/5
  2199 | D:4      | Reached skill level 7 in Unarmed Combat
  2619 | D:4      | Reached skill level 8 in Unarmed Combat
  2847 | D:5      | Entered Level 5 of the Dungeon
  2847 | D:5      | Noticed a sky beast
  2847 | D:5      | Noticed a sky beast
  2855 | D:5      | Killed a sky beast
  2855 | D:5      | Reached XP level 7. HP: 56/63 MP: 6/6
  2992 | D:5      | Found a basalt altar of Yredelemnul.
  3007 | D:5      | Became a worshipper of Yredelemnul the Dark
  3007 | D:5      | Reached * piety under Yredelemnul
  3007 | D:5      | Reached ** piety under Yredelemnul
  3101 | D:5      | Reached skill level 9 in Unarmed Combat
  3361 | D:6      | Reached skill level 1 in Throwing
  3372 | D:6      | Noticed Blork the orc
  3376 | D:6      | Killed Blork the orc
  3407 | D:6      | Found a shattered altar of Ashenzari.
  3470 | D:6      | Reached XP level 8. HP: 71/71 MP: 7/7
  3595 | D:6      | Found a shadowy altar of Dithmenos.
  3715 | D:6      | Noticed Grinder
  3726 | D:6      | Killed Grinder
  3795 | D:6      | Found a sacrificial altar of Ru.
  4087 | D:6      | Reached skill level 5 in Throwing
  4501 | D:7      | Found a staircase to the Ecumenical Temple.
  4598 | D:7      | Reached XP level 9. HP: 68/77 MP: 8/8
  4720 | D:7      | Reached skill level 1 in Invocations
  4740 | D:7      | HP: 2/77 [something/puff of frost (4)]
  4741 | D:7      | Succumbed to an orc wizard's poison

Skill      XL: |  1  2  3  4  5  6  7  8  9 |
---------------+----------------------------+-----
Unarmed Combat | 4 5 6 8 9 |  9.2
Throwing       | 2 7 |  7.4
Invocations    | 1 |  1.0
Fighting       | |  2.4
Dodging        | |  2.4
Stealth        | |  1.0

Action                   |  1- 3 |  4- 6 |  7- 9 || total
-------------------------+-------+-------+-------++-------
Melee: Unarmed           |    95 |   149 |   155 ||   399
       Punch             |       |     3 |    12 ||    15
  Use: Potion            |       |       |     1 ||     1
 Stab: Sleeping          |     1 |     2 |     1 ||     4
  Eat: Chunk             |     9 |    13 |    23 ||    45
       Ration            |       |       |     2 ||     2
Armor: Robe              |    42 |    41 |    64 ||   147
Dodge: Dodged            |    46 |    55 |    81 ||   182
